 Dungeon Crawl Stone Soup version 0.24-a0-139-geb6712d (webtiles) character file.

Game seed: 0

86 Anon1729 the Ducker (level 4, -2/31 HPs)
             Began as an Octopode Fighter on Mar 2, 2019.
             Slain by a frilled lizard (3 damage)
             ... on level 3 of the Dungeon.
             The game lasted 00:02:09 (1852 turns).

Anon1729 the Ducker (Octopode Fighter)              Turns: 1852, Time: 00:02:10

Health: -2/31      AC:  1    Str: 20    XL:     4   Next: 49%
Magic:  4/4        EV: 12    Int: 11    God:
Gold:   89         SH:  9    Dex: 11    Spells: 3/3 levels left

rFire    . . .     SeeInvis .     - Unarmed
rCold    . . .     Gourm    .   a - +0 shield
rNeg     . . .     Faith    .   (helmet restricted)
rPois    .         Spirit   .   (no amulet)
rElec    .         Reflect  .   (no ring)
rCorr    .         Harm     .   (no ring)
MR       .....                  (no ring)
Stlth    +++.......             (no ring)
HPRegen  0.10/turn              (no ring)
MPRegen  0.09/turn              (no ring)
                                (no ring)
                                (no ring)

@: mighty, lethally poisoned (-2 -> -4)
A: almost no armour, stealthy swim, amphibious, 8 rings, constrict 8, camouflage
1, gelatinous body 1
a: no special abilities


You were on level 3 of the Dungeon.
You were not hungry.

You visited 1 branch of the dungeon, and saw 3 of its levels.

You collected 89 gold pieces.

Inventory:

Missiles
 f - 4 javelins of penetration (quivered)
Armour
 a - a +0 shield (worn)
Scrolls
 e - 5 scrolls of identify {unknown}
 h - 2 scrolls of amnesia {unknown}
Potions
 d - 2 potions of heal wounds {unknown}
 g - a potion of curing {unknown}
Comestibles
 c - 4 rations
 i - a chunk of flesh


   Skills:
 + Level 3.4 Fighting
 + Level 3.5 Dodging
 + Level 2.4 Stealth
 + Level 3.5 Shields
 + Level 2.7 Unarmed Combat


You had 3 spell levels left.
You didn't know any spells.
Your spell library was empty.

Dungeon Overview and Level Annotations

Branches:
Dungeon (3/15)

Altars:


Innate Abilities, Weirdness & Mutations

You cannot wear most types of armour.
You are very stealthy in the water. (Stealth+)
You are amphibious.
You can wear up to eight rings at the same time.
You can use your tentacles to constrict eight enemies at once.
Your skin changes colour to match your surroundings (Stealth+).
Your rubbery body absorbs attacks. (AC +1, EV +1)


Message History

The orc is lightly wounded.
You constrict the orc. The adder bites you.
You are poisoned.
The adder poisons you!
The orc wizard gestures at you while chanting.
The magic dart hits you! You block the orc's attack.
You block the frilled lizard's attack.
Unknown command.
You release your grip on the orc.
You feel sick. You block the adder's attack.
You feel very mighty all of a sudden. The adder bites you.
The orc hits you with a +0 short sword. The frilled lizard bites you.
* * * LOW HITPOINT WARNING * * *
You barely miss the adder. Your grab misses the adder.
You feel sick. The adder bites you.
* * * LOW HITPOINT WARNING * * *
The orc priest calls upon Beogh to heal the orc.
The orc's wounds heal themselves!
The orc barely misses you. You block the orc's attack.
The frilled lizard bites you.
You die...

................
.................
..................
...=.............#
.................#
.................#
....o.o..........#
........lS.......#
........o@.......#
........o.!......#
.................#
............÷)...#
.................#
.§...............#
......§.........#
..§.§..........#
≈§.≈§≈≈≈......#


You could see an orc priest, an orc wizard, an adder, 2 orcs and a frilled
lizard.

Vanquished Creatures
  An iguana (D:3)
  2 adders
  A dart slug (D:1)
  6 orcs (D:3)
  A ball python (D:2)
  7 bats
  A hobgoblin (D:1)
  2 jackals (D:1)
  2 quokkas
  4 frilled lizards
  2 goblins
  4 kobolds
  2 rats
35 creatures vanquished.

Notes
Turn   | Place    | Note
-------+----------+-------------------------------------------
     0 | D:1      | Anon1729 the Octopode Fighter began the quest for the Orb.
     0 | D:1      | Reached XP level 1. HP: 16/16 MP: 1/1
   352 | D:1      | Reached skill level 1 in Stealth
   352 | D:1      | Reached XP level 2. HP: 21/21 MP: 2/2
  1124 | D:2      | Reached XP level 3. HP: 22/26 MP: 3/3
  1412 | D:3      | Reached XP level 4. HP: 23/31 MP: 4/4
  1852 | D:3      | HP: 1/31 [adder (5)]
  1852 | D:3      | Slain by a frilled lizard

Levels and vault maps discovered:
D:1:      dpeg_arrival_pond, layout_basic
D:2:      layout_rooms, first_ration, patterned_corridor
D:3:      layout_basic, overflow_temple_1_default, lightli_temple_of_fire

Skill      XL: |  1  2  3 |
---------------+----------+-----
Stealth        | 1 2 |  2.4
Fighting       | |  3.4
Dodging        | |  3.5
Shields        | |  3.5
Unarmed Combat | |  2.7

Action                   |  1- 3 |  4- 6 || total
-------------------------+-------+-------++-------
Melee: Unarmed           |    51 |    25 ||    76
       Constrict         |    16 |     9 ||    25
       Tentacles         |    10 |     3 ||    13
       Punch             |     2 |     1 ||     3
Throw: Javelin           |     4 |     1 ||     5
  Use: Potion            |       |     1 ||     1
 Stab: Sleeping          |     9 |       ||     9
  Eat: Chunk             |     1 |     2 ||     3
Armor: Skin              |     4 |       ||     4
Dodge: Dodged            |    15 |    10 ||    25
Block: Shield            |    15 |    14 ||    29

Table legend:
 A = Non-vault XP
 B = Vault XP
 C = Vault XP percentage of total XP
 D = Non-vault monster count
 E = Vault monster count
 F = Vault count percentage of total count
                 A         B        C        D         E       F
            +---------+---------+-------+---------+---------+-------
      Total |     123 |       0 |   0.0 |      35 |       0 |   0.0
            +---------+---------+-------+---------+---------+-------
        D:1 |      20 |       0 |   0.0 |      13 |       0 |   0.0
        D:2 |      29 |       0 |   0.0 |      11 |       0 |   0.0
        D:3 |      74 |       0 |   0.0 |      11 |       0 |   0.0
            +---------+---------+-------+---------+---------+-------
